 Dungeon Crawl Stone Soup version 0.28-a0-620-g539b0f7ac7 (webtiles) character file.

Game seed: 11989102224889411694

23 siradein the Insei (level 3, 26/26 HPs)
             Began as a Merfolk Transmuter on Oct 6, 2021.
             Quit the game on level 2 of the Dungeon.
             The game lasted 00:01:59 (1073 turns).

siradein the Insei (Merfolk Transmuter)             Turns: 1073, Time: 00:01:59

Health: 26/26      AC:  3    Str: 10    XL:     3   Next: 0%
Magic:  6/6        EV: 13    Int: 13    God:
Gold:   50         SH:  0    Dex: 14    Spells: 0/6 levels left

rFire   . . .      SeeInvis .     - Unarmed
rCold   . . .      Faith    .   (no shield)
rNeg    . . .      Spirit   .   a - +0 robe
rPois   .          Reflect  .   (no helmet)
rElec   .          Harm     .   b - +0 cloak
rCorr   .          Rampage  .   (no gloves)
Will    .....                   (no boots)
Stlth   +.........              (no amulet)
HPRegen 0.08/turn               (no ring)
MPRegen 0.10/turn               (no ring)

@: no status effects
A: (nimble swimmer 2), mertail
a: no special abilities


You were on level 2 of the Dungeon.
You visited 1 branch of the dungeon, and saw 2 of its levels.

You collected 50 gold pieces.

Inventory:

Armour
 a - a +0 robe (worn)
 b - a +0 cloak (worn)
Jewellery
 g - a +4 ring of protection
Scrolls
 c - a scroll of fog {unknown}
 d - a scroll of teleportation {unknown}
 e - a scroll of amnesia {unknown}
 h - a scroll of noise {unknown}
Potions
 f - a potion of ambrosia {unknown}


   Skills:
 + Level 1.6 Fighting
 + Level 3.1 Dodging
 + Level 3.5 Unarmed Combat
 + Level 2.2 Spellcasting
 + Level 3.1 Transmutations
 + Level 0.0 Poison Magic


You couldn't memorise any spells.
You knew the following spells:

 Your Spells              Type           Power      Damage    Failure   Level
a - Beastly Appendage     Tmut           18%        N/A       7%          1
b - Wereblood             Tmut           9%         N/A       11%         2
c - Spider Form           Tmut/Pois      2%         N/A       36%         3

Your spell library contained the following spells:

 Spells                   Type           Power      Damage    Failure   Level
 Ice Form                 Ice/Tmut       5%         N/A       78%         4


Dungeon Overview and Level Annotations

Branches:
Dungeon (2/15)

Altars:


Innate Abilities, Weirdness & Mutations

((You are quick and stealthy near water. (Stealth+, EV+, Speed+++)))
Your lower body shifts to a powerful aquatic tail in water.


Message History

You kill the kobold!
You have reached level 3!
Your experience leads to an increase in your attributes!
Increase (S)trength, (I)ntelligence, or (D)exterity?
You feel clever.
This spell is extremely dangerous to cast!
Memorise Spider Form, consuming 3 spell levels and leaving 0?
You start memorising the spell.
You continue memorising. x3
You finish memorising.
Spell assigned to 'c'.
Your horns disappear.
Your primal bloodlust is almost over.
Your primal bloodlust has ended.
Things that are here:
a +0 whip; 3 stones; a kobold corpse
d - a scroll labelled ZON CAETOACW
e - a scroll labelled EZUOZX OWADGH
Found a mace.
You now have 50 gold pieces (gained 11).
You see here a +0 mace.
f - a bubbling green potion
g - a +4 ring of protection
There is a stone staircase leading down here.
h - a scroll labelled CITZAANELL You see here a +0 hunting sling.
Found 21 stones.
Done exploring.
Done exploring.
Done exploring.
(D) Dungeon
Where to? (? - help)
What level of the Dungeon? (default 1, ? - help)
There is a stone staircase leading down here.
You climb downwards.
Found a dagger.
Found an escape hatch in the floor.
There is a stone staircase leading up here.
There are monsters nearby!
Saving game... please wait.
Welcome back, siradein the Merfolk Transmuter.
Press ? for a list of commands and other information.
Are you sure you want to abandon this character and quit the game? (Confirm with "yes".)

## .. #.###
#..@#
)..............
#.##....#..>...
......#......
#......# .....
........# .....
Kg.....## ###.
.......


You could see a hobgoblin (asleep) and a kobold (asleep).

Vanquished Creatures
  7 bats (D:1)
  An endoplasm (D:1)
  4 giant cockroaches (D:1)
  3 goblins (D:1)
  A hobgoblin (D:1)
  2 kobolds (D:1)
  2 frilled lizards (D:1)
  A rat (D:1)
21 creatures vanquished.

Notes
Turn   | Place    | Note
-------+----------+-------------------------------------------
     0 | D:1      | siradein the Merfolk Transmuter began the quest for the
                  | Orb.
     0 | D:1      | Reached XP level 1. HP: 15/15 MP: 3/3
   124 | D:1      | Reached XP level 2. HP: 21/21 MP: 3/5
   127 | D:1      | Learned a level 2 spell: Wereblood
   559 | D:1      | Found a faded altar of an unknown god.
   585 | D:1      | Reached XP level 3. HP: 17/26 MP: 2/6
   589 | D:1      | Learned a level 3 spell: Spider Form
  1073 | D:2      | Quit the game

Illustrated notes

Levels and vault maps discovered:
D:1:      roderic_dead_forest, layout_loops_ring, basic_ecumenical_altar,
          minmay_crystal_room
D:2:      layout_basic, serial_shops, shop, serial_park_tiny_2,
          lightli_corner_chamber

Skill      XL: |  1  2 |
---------------+-------+-----
Dodging        | 3 |  3.1
Transmutations | 3 |  3.1
Fighting       | |  1.6
Unarmed Combat | |  3.5
Spellcasting   | |  2.2

Action                   || total
-------------------------++-------
Melee: Unarmed           ||    72
       Headbutt          ||     4
       Bite              ||     1
 Cast: Beastly Appendage ||    16
       Wereblood         ||     2
Armor: Robe              ||    20
Dodge: Dodged            ||    72

Table legend: (Time is in decaauts)
 A = Elapsed time spent in this place.
 B = Non-inter-level travel time spent in this place.
 C = Inter-level travel time spent in this place.
 D = Time resting spent in this place.
 E = Time spent auto-exploring this place.
 F = Levels seen in this place.
 G = Mean time per level.
                   A        B        C        D        E       F      G
               +--------+--------+--------+--------+--------+-----+--------+
         Total |   1068 |   1039 |     29 |      0 |    857 |   2 |  534.0 |
       Dungeon |   1068 |   1039 |     29 |      0 |    857 |   2 |  534.0 |
               +--------+--------+--------+--------+--------+-----+--------+

Top non-repeatable levels by time:
     D:1: 1067 daAuts
     D:2: 0 daAuts
